 Dungeon Sprint DCSS version 0.17-a0-1632-g0af21bd (webtiles) character file.

35970 Kidiri the Unseen (level 12, -9/56 HPs)
             Began as a Spriggan Enchanter on Aug 3, 2015.
             Was the Champion of Dithmenos.
             Mangled by a dire elephant (33 damage)
             ... in the Dungeon (Sprint III: "The Ten Rune Challenge").
             The game lasted 00:21:33 (2400 turns).

Kidiri the Unseen (Spriggan Enchanter)              Turns: 2400, Time: 00:21:33

Health: -9/56      AC:  3    Str:  4    XL:     12   Next: 67%
Magic:  23/32      EV: 35    Int: 19    God:    Dithmenos [******]
Gold:   44         SH:  0    Dex: 19    Spells: 10 memorised, 15 levels left

rFire  . . .     SeeInvis +     l - +2 dagger (speed)
rCold  . . .     Clarity  .     b - +1 robe
rNeg   . . .     SustAt   .     (shield restricted)
rPois  .         Gourm    .     (helmet restricted)
rElec  .         Spirit   .     (no cloak)
rCorr  .         Warding  .     (gloves unavailable)
rMut   .         NoTele   +     (boots unavailable)
MR     ++...                    (no amulet)
Stlth  ++++++++++               (no ring)
                                (no ring)

@: wreathed by umbra, very quick, very resistant to hostile enchantments,
uncannily stealthy
A: unfitting armour, horns 2, see invisible, herbivore 3, speed 3, sense
surroundings 1, robust 1, slow metabolism 2, MP-powered wands
a: Shadow Step, Shadow Form, Renounce Religion
}: 1/10 runes: barnacled


You were in the Dungeon.
You worshipped Dithmenos.
Dithmenos was exalted by your worship.
You were full.

You visited 1 branch You collected 44 gold pieces.

Inventory:

Hand weapons
 a - a +1 dagger
 l - a +2 dagger of speed (weapon)
 x - a +0 blowgun
Missiles
 k - 10 poisoned needles
 v - 12 throwing nets (quivered)
 y - 7 curare-tipped needles
Armour
 b - a +1 robe (worn)
Magical devices
 w - a wand of enslavement (7)
Scrolls
 j - a scroll of blinking
 m - a scroll of holy word {unknown}
 q - a scroll of immolation {unknown}
 r - a scroll of amnesia {unknown}
 s - a scroll of enchant armour {unknown}
Potions
 d - a potion of degeneration {unknown}
 e - 3 potions of curing
 f - a potion of heal wounds
 g - a potion of haste
 h - 2 potions of magic
 n - a potion of berserk rage
 o - 2 potions of cure mutation
 p - a potion of resistance
 u - a potion of might
Books
 c - a book of Maledictions

   Spells                             Type                      Level
   a - Corona                         Hexes                        1
   b - Ensorcelled Hibernation        Hexes/Ice                    2
   c - Confuse                        Hexes                        3
   d - Tukima's Dance                 Hexes                        3
   e - Dazzling Spray                 Conjuration/Hexes            3
 i - a Young Poisoner's Handbook

   Spells                             Type                      Level
   a - Sting                          Conjuration/Poison           1
   b - Cure Poison                    Poison                       2
   c - Mephitic Cloud                 Conjuration/Poison/Air       3
   d - Olgreb's Toxic Radiance        Poison                       4
   e - Venom Bolt                     Conjuration/Poison           5
Comestibles
 t - 26 royal jellies


   Skills:
 + Level 11.6 Short Blades
 * Level 18.3 Dodging
 * Level 20.0 Stealth
 * Level 15.7 Spellcasting
 + Level 7.1 Conjurations
 + Level 12.1 Hexes
 + Level 7.8 Ice Magic
 + Level 8.0 Air Magic
 + Level 8.3 Poison Magic
 + Level 8.8 Invocations


You had 15 spell levels left.
You knew the following spells:

 Your Spells              Type           Power        Failure   Level  Hunger
a - Corona                Hex            ######.      1%          1    None
b - Ensorcelled Hibernat  Hex/Ice        ######       1%          2    None
c - Confuse               Hex            ######..     1%          3    None
d - Tukima's Dance        Hex            ######..     1%          3    None
e - Dazzling Spray        Conj/Hex       ######..     1%          3    None
f - Sting                 Conj/Pois      ####         1%          1    None
g - Cure Poison           Pois           #####.....   1%          2    None
h - Mephitic Cloud        Conj/Pois/Air  #####...     1%          3    None
i - Olgreb's Toxic Radia  Pois           #####...     1%          4    None
j - Venom Bolt            Conj/Pois      #####.....   6%          5    ###....


Dungeon Overview and Level Annotations

Branches:
Dungeon (1/1)

Altars:
Cheibriados
Dithmenos
Elyvilon
Fedhas
Gozag
Kikubaaqudgha
Makhleb
Nemelex Xobeh
Okawaru
Qazlal
Ru
Sif Muna
Trog
Vehumet
Xom
Yredelemnul
Zin
The Shining One
Jiyva
Lugonu

Shops:
D !}[

Annotations:
D Gastronok


Innate Abilities, Weirdness & Mutations

You are tiny and cannot use many weapons and most armour.
You have supernaturally acute eyesight.
You are a herbivore.
You cover ground extremely quickly.
You need consume almost no food.
You have a pair of horns on your head.
You passively map a small area around you.
You are robust (+10% HP).
You expend magic power (3 MP) to strengthen your wands.


Message History

The elephant tramples something.
Something holds its ground!
The elephant trunk-slaps something.
You hear a trumpeting!
You hear a horrible gurgling sound!
The azure jelly quivers.
Casting: Sting
Confirm with . or Enter, or press ? or * to list all spells.
Aiming: Sting
Press: ? - help, Shift-Dir - straight line, f/p - dire elephant
Aim: a dire elephant (heavily wounded, confused, umbra)
The sting hits the dire elephant.
The dire elephant is poisoned.
The dire elephant is severely wounded.
Your shadow mimicks your spell!
The shadow shard hits the dire elephant.
You hit the dire elephant but do no damage.
The dire elephant is severely wounded.
The dire elephant is engulfed in noxious fumes.
The dire elephant tramples you!!
Ouch! That really hurt!
You die...

#%.# #..#####....#___
▓▓▓▓▓▓▓▓▓▓▓▓▓▓▓▓▓▓▓▓▓
▓...+≈≈≈§§§§≈≈♣♣.....
▓..P#≈≈.§§§..≈♣♣.≈≈≈≈
▓.PP#≈.≈§§§§≈≈.'...%.
▓YYw#≈≈≈≈§§§≈≈♣♣♣♣♣♣♣
▓Y.%#≈.≈≈§≈≈≈≈♣
▓##Y####+#######♣ ♣
▓...@§§.....)...♣♣ ♣
▓#+#############+♣ ♣
...#≈P.%........♣
▓..J+≈≈...########♣♣
▓JJ.#≈≈≈..%......PP♣
▓J..#≈≈≈≈P%%PP....P♣
#+#############+#####
▓≈≈≈≈≈≈ ▓≈≈≈≈≈≈


You could see Gastronok, 2 dire elephants, 4 azure jellies and 2 elephants.

Vanquished Creatures
  Sigmund (D)
  Rupert (D)
  Polyphemus (D)
  Ilsuiw (D)
  Maud (D)
  A merfolk javelineer (D)
  Erolcha (D)
  4 death yaks (D)
  A sea snake (D)
  A lindwurm (D)
  2 black mambas (D)
  Edmund (D)
  2 spiny frogs (D)
  A fire drake (D)
  A komodo dragon (D)
  A deep elf priest (D)
  3 wandering mushrooms (D)
  A queen bee (D)
  8 blink frogs (D)
  A shadow (D)
  4 redbacks (D)
  2 trapdoor spiders (D)
  A spatial vortex (D)
  2 hill giants (D)
  A swamp drake (D)
  A necrophage (D)
  2 brain worms (D)
  3 two-headed ogres (D)
  A water elemental (D)
  A scorpion (D)
  32 killer bees (D)
  A wizard (D)
  A jelly (D)
  A necromancer (D)
  3 humans (D)
  3 sheep (D)
  A kobold demonologist (D)
  4 rats (D)
98 creatures vanquished.

Vanquished Creatures (others)
  2 draconian scorchers (D)
  A yaktaur (D)
  A plant (D)
4 creatures vanquished.

Grand Total: 102 creatures vanquished

Notes
Turn   | Place    | Note
--------------------------------------------------------------
     0 | D        | Kidiri the Spriggan Enchanter began the quest for the Orb.
     0 | D        | Reached XP level 1. HP: 9/9 MP: 5/5
    37 | D        | Reached skill level 5 in Stealth
    74 | D        | Noticed a scorpion
    87 | D        | Killed a scorpion
    87 | D        | Reached skill level 5 in Dodging
    87 | D        | Reached skill level 6 in Stealth
    87 | D        | Reached XP level 2. HP: 13/13 MP: 4/8
    87 | D        | Reached XP level 3. HP: 16/16 MP: 5/10
    91 | D        | Learned a level 2 spell: Ensorcelled Hibernation
    95 | D        | Learned a level 3 spell: Confuse
    99 | D        | Learned a level 3 spell: Tukima's Dance
   137 | D        | Reached skill level 7 in Stealth
   137 | D        | Reached skill level 5 in Spellcasting
   137 | D        | Reached XP level 4. HP: 21/21 MP: 2/12
   142 | D        | Learned a level 3 spell: Dazzling Spray
   159 | D        | Gained mutation: You expend magic power (3 MP) to strengthen your wands. [potion of mutation]
   159 | D        | Gained mutation: You are robust (+10% HP). [potion of mutation]
   159 | D        | Gained mutation: You passively map a small area around you. [potion of mutation]
   160 | D        | Gained mutation: You have a pair of small horns on your head. [potion of mutation]
   160 | D        | Gained mutation: You have a pair of horns on your head. [potion of mutation]
   219 | D        | Noticed a water elemental
   239 | D        | Killed a white draconian scorcher
   244 | D        | Killed a water elemental
   244 | D        | Reached skill level 8 in Stealth
   244 | D        | Reached skill level 5 in Hexes
   244 | D        | Reached skill level 1 in Ice Magic
   345 | D        | Noticed a jelly
   346 | D        | Noticed a shadow
   348 | D        | Killed a shadow
   348 | D        | Reached skill level 10 in Stealth
   348 | D        | Reached XP level 5. HP: 26/26 MP: 12/15
   348 | D        | Reached XP level 6. HP: 30/30 MP: 13/17
   352 | D        | Killed a jelly
   357 | D        | Found a stormy altar of Qazlal.
   357 | D        | Noticed a spatial vortex
   358 | D        | Found a sacrificial altar of Ru.
   358 | D        | Found a burning altar of Makhleb.
   358 | D        | Found a viscous altar of Jiyva.
   358 | D        | Found a shimmering altar of Xom.
   358 | D        | Found a shadowy altar of Dithmenos.
   358 | D        | Found a sparkling altar of Nemelex Xobeh.
   358 | D        | Found a corrupted altar of Lugonu.
   358 | D        | Found an opulent altar of Gozag.
   359 | D        | Killed a white draconian scorcher
   362 | D        | Became a worshipper of Dithmenos the Shadowed
   363 | D        | Killed a spatial vortex
   394 | D        | Found a radiant altar of Vehumet.
   394 | D        | Found a deep blue altar of Sif Muna.
   394 | D        | Found an ancient bone altar of Kikubaaqudgha.
   394 | D        | Noticed a wizard
   396 | D        | Killed a wizard
   398 | D        | Reached skill level 11 in Stealth
   412 | D        | Learned a level 1 spell: Sting
   415 | D        | Learned a level 2 spell: Cure Poison
   419 | D        | Learned a level 3 spell: Mephitic Cloud
   431 | D        | Found a glowing silver altar of Zin.
   432 | D        | Found a glowing golden altar of the Shining One.
   432 | D        | Found a white marble altar of Elyvilon.
   432 | D        | Noticed a deep elf priest
   434 | D        | Killed a deep elf priest
   434 | D        | Reached skill level 10 in Dodging
   434 | D        | Reached skill level 1 in Air Magic
   434 | D        | Reached skill level 1 in Poison Magic
   434 | D        | Reached skill level 1 in Invocations
   434 | D        | Reached XP level 7. HP: 35/35 MP: 20/20
   444 | D        | Found an iron altar of Okawaru.
   445 | D        | Found a bloodstained altar of Trog.
   445 | D        | Noticed a human
   445 | D        | Noticed a human
   447 | D        | Killed a human
   447 | D        | Reached skill level 12 in Stealth
   448 | D        | Killed a human
   448 | D        | Reached XP level 8. HP: 39/39 MP: 22/22
   454 | D        | Learned a level 4 spell: Olgreb's Toxic Radiance
   469 | D        | Found a basalt altar of Yredelemnul.
   469 | D        | Found a snail-covered altar of Cheibriados.
   469 | D        | Found a blossoming altar of Fedhas.
   469 | D        | Noticed a necrophage
   469 | D        | Noticed a necromancer
   471 | D        | Killed a necrophage
   471 | D        | Acquired Dithmenos's first power
   472 | D        | Killed a necromancer
   528 | D        | Noticed a two-headed ogre
   528 | D        | Noticed a two-headed ogre
   532 | D        | Noticed a two-headed ogre
   536 | D        | Killed a two-headed ogre
   538 | D        | Killed a two-headed ogre
   538 | D        | Acquired Dithmenos's second power
   544 | D        | Killed a two-headed ogre
   547 | D        | Noticed a hill giant
   549 | D        | Killed a hill giant
   619 | D        | Killed a yaktaur
   637 | D        | Noticed a hill giant
   637 | D        | Noticed Erolcha
   639 | D        | Killed Erolcha
   639 | D        | Reached skill level 13 in Stealth
   639 | D        | Reached skill level 10 in Spellcasting
   640 | D        | Reached XP level 9. HP: 42/42 MP: 22/24
   640 | D        | Killed a hill giant
   647 | D        | Learned a level 5 spell: Venom Bolt
   770 | D        | Noticed a redback
   774 | D        | Noticed a trapdoor spider
   775 | D        | Killed a trapdoor spider
   775 | D        | Acquired Dithmenos's third power
   775 | D        | Reached skill level 14 in Stealth
   778 | D        | Killed a redback
   824 | D        | Noticed a trapdoor spider
   837 | D        | Killed a trapdoor spider
  1068 | D        | Noticed a killer bee
  1068 | D        | Noticed a killer bee
  1068 | D        | Noticed a killer bee
  1068 | D        | Noticed a killer bee
  1068 | D        | Noticed a killer bee
  1068 | D        | Noticed a killer bee
  1068 | D        | Noticed a killer bee
  1068 | D        | Noticed a killer bee
  1068 | D        | Noticed a killer bee
  1068 | D        | Noticed a killer bee
  1068 | D        | Noticed a killer bee
  1068 | D        | Noticed a killer bee
  1068 | D        | Noticed a killer bee
  1068 | D        | Noticed a killer bee
  1068 | D        | Noticed a queen bee
  1069 | D        | Noticed a killer bee
  1069 | D        | Noticed a killer bee
  1069 | D        | Noticed a killer bee
  1069 | D        | Noticed a killer bee
  1069 | D        | Noticed a killer bee
  1069 | D        | Noticed a killer bee
  1069 | D        | Noticed a killer bee
  1069 | D        | Noticed a killer bee
  1069 | D        | Noticed a killer bee
  1069 | D        | Noticed a killer bee
  1069 | D        | Noticed a killer bee
  1069 | D        | Noticed a killer bee
  1069 | D        | Noticed a killer bee
  1069 | D        | Noticed a killer bee
  1069 | D        | Noticed a killer bee
  1069 | D        | Noticed a killer bee
  1069 | D        | Noticed a killer bee
  1069 | D        | Noticed a killer bee
  1070 | D        | Killed a killer bee
  1071 | D        | Killed a killer bee
  1076 | D        | Killed a killer bee
  1079 | D        | Killed a killer bee
  1079 | D        | Acquired Dithmenos's fourth power
  1081 | D        | Killed a killer bee
  1083 | D        | Killed a killer bee
  1085 | D        | Killed a killer bee
  1087 | D        | Killed a killer bee
  1089 | D        | Killed a killer bee
  1089 | D        | Reached skill level 5 in Ice Magic
  1091 | D        | Killed a killer bee
  1094 | D        | Killed a killer bee
  1307 | D        | Killed a killer bee
  1308 | D        | Killed a killer bee
  1310 | D        | Killed a killer bee
  1312 | D        | Killed a killer bee
  1314 | D        | Killed a killer bee
  1314 | D        | Reached skill level 15 in Stealth
  1316 | D        | Killed a killer bee
  1318 | D        | Killed a killer bee
  1320 | D        | Killed a killer bee
  1322 | D        | Killed a killer bee
  1326 | D        | Killed a killer bee
  1326 | D        | Reached skill level 5 in Invocations
  1328 | D        | Killed a killer bee
  1476 | D        | Killed a killer bee
  1479 | D        | Killed a killer bee
  1484 | D        | Killed a killer bee
  1484 | D        | Reached XP level 10. HP: 48/48 MP: 17/26
  1486 | D        | Killed a killer bee
  1492 | D        | Killed a killer bee
  1498 | D        | Killed a killer bee
  1500 | D        | Killed a killer bee
  1532 | D        | Killed a killer bee
  1569 | D        | Killed a killer bee
  1577 | D        | Killed a killer bee
  1708 | D        | Killed a queen bee
  1812 | D        | Noticed Sigmund
  1812 | D        | Noticed Edmund
  1814 | D        | Killed Sigmund
  1814 | D        | Reached skill level 15 in Dodging
  1814 | D        | Reached skill level 16 in Stealth
  1814 | D        | Reached skill level 5 in Conjurations
  1814 | D        | Reached skill level 10 in Hexes
  1814 | D        | Reached skill level 5 in Air Magic
  1814 | D        | Reached skill level 5 in Poison Magic
  1814 | D        | Reached XP level 11. HP: 51/51 MP: 22/29
  1819 | D        | Killed Edmund
  1874 | D        | Noticed a wandering mushroom
  1877 | D        | Noticed a wandering mushroom
  1877 | D        | Noticed a wandering mushroom
  1878 | D        | Killed a wandering mushroom
  1878 | D        | Reached skill level 10 in Short Blades
  1880 | D        | Killed a wandering mushroom
  1880 | D        | Reached skill level 17 in Stealth
  1881 | D        | Killed a wandering mushroom
  1919 | D        | Noticed a spiny frog
  1919 | D        | Noticed a komodo dragon
  1919 | D        | Noticed a spiny frog
  1921 | D        | Killed a spiny frog
  1923 | D        | Killed a komodo dragon
  1924 | D        | Killed a spiny frog
  1943 | D        | Noticed a redback
  1945 | D        | Killed a redback
  1946 | D        | Noticed a brain worm
  1949 | D        | Killed a brain worm
  1952 | D        | Noticed a brain worm
  1954 | D        | Killed a brain worm
  1961 | D        | Noticed a lindwurm
  1964 | D        | Noticed a redback
  1965 | D        | Killed a lindwurm
  1967 | D        | Killed a redback
  1971 | D        | Noticed a redback
  1972 | D        | Killed a redback
  1973 | D        | Noticed Maud
  1975 | D        | Killed Maud
  2005 | D        | Noticed a swamp drake
  2005 | D        | Noticed a fire drake
  2006 | D        | Killed a fire drake
  2006 | D        | Reached skill level 18 in Stealth
  2008 | D        | Killed a swamp drake
  2014 | D        | Noticed a blink frog
  2014 | D        | Noticed a blink frog
  2015 | D        | Noticed a blink frog
  2017 | D        | Killed a blink frog
  2018 | D        | Noticed a blink frog
  2018 | D        | Noticed a blink frog
  2020 | D        | Killed a blink frog
  2023 | D        | Killed a blink frog
  2036 | D        | Killed a blink frog
  2052 | D        | Killed a blink frog
  2158 | D        | Noticed Rupert
  2160 | D        | Killed Rupert
  2182 | D        | Noticed a death yak
  2183 | D        | Noticed a death yak
  2183 | D        | Noticed a blink frog
  2184 | D        | Noticed an azure jelly
  2184 | D        | Noticed a death yak
  2184 | D        | Noticed an azure jelly
  2184 | D        | Noticed a blink frog
  2184 | D        | Noticed a death yak
  2185 | D        | Killed a death yak
  2185 | D        | Reached XP level 12. HP: 56/56 MP: 26/31
  2186 | D        | Killed a blink frog
  2187 | D        | Killed a death yak
  2188 | D        | Noticed a blink frog
  2188 | D        | Noticed a black mamba
  2189 | D        | Killed a death yak
  2189 | D        | Reached skill level 19 in Stealth
  2191 | D        | Killed a blink frog
  2192 | D        | Noticed a black mamba
  2193 | D        | Killed a blink frog
  2194 | D        | Killed a death yak
  2194 | D        | Reached skill level 15 in Spellcasting
  2196 | D        | Killed a black mamba
  2197 | D        | Killed a black mamba
  2213 | D        | Noticed an azure jelly
  2213 | D        | Noticed an azure jelly
  2244 | D        | Noticed Polyphemus
  2245 | D        | Noticed Ilsuiw
  2246 | D        | Killed Polyphemus
  2250 | D        | Killed Ilsuiw
  2259 | D        | Found Wopsismu's Distillery.
  2259 | D        | Noticed a sea snake
  2260 | D        | Found Pujeqovu's Gadget Boutique.
  2261 | D        | Killed a sea snake
  2283 | D        | Found Foumucw's Antique Armour Emporium.
  2284 | D        | Noticed a merfolk javelineer
  2286 | D        | Killed a merfolk javelineer
  2286 | D        | Reached skill level 20 in Stealth
  2307 | D        | Got a barnacled rune of Zot
  2387 | D        | Noticed Gastronok
  2388 | D        | Noticed an elephant
  2388 | D        | Noticed an elephant
  2388 | D        | Noticed a dire elephant
  2388 | D        | Noticed a dire elephant
  2400 | D        | Mangled by a dire elephant

Vault maps used:
D:        dungeon_sprint_mu

Action                   |  1- 3 |  4- 6 |  7- 9 | 10-12 || total
-------------------------+-------+-------+-------+-------++-------
Melee: Dagger            |    12 |     9 |    44 |    85 ||   150
 Cast: Corona            |     1 |     1 |       |       ||     2
       Ensorcelled Hiber |     4 |       |    44 |    19 ||    67
       Dazzling Spray    |       |     2 |     3 |     1 ||     6
       Confuse           |       |       |     1 |     4 ||     5
       Sting             |       |       |       |    12 ||    12
       Mephitic Cloud    |       |       |       |     2 ||     2
       Venom Bolt        |       |       |       |     1 ||     1
Invok: Shadow Step       |       |       |       |    13 ||    13
  Use: Potion            |       |     3 |     1 |       ||     4
       Scroll            |       |     3 |       |       ||     3
 Stab: Sleeping          |     5 |     6 |    34 |    42 ||    87
       Invisible         |       |       |     2 |       ||     2
       Held in net/web   |       |       |     1 |       ||     1
       Confused          |       |       |       |     2 ||     2
  Eat: Bread ration      |       |       |       |     1 ||     1
